 Dungeon Crawl Stone Soup version 0.23.0 (webtiles) character file.

Game seed: 4674494066528339195

746 LostNumber the Insei (level 7, 0/60 HPs)
             Began as a Grey Draconian Transmuter on Feb 11, 2019.
             Was a Believer of Cheibriados.
             Slain by a gnoll
             ... wielding a +0 halberd
              (12 damage)
             ... on level 4 of the Dungeon.
             The game lasted 00:09:15 (3839 turns).

LostNumber the Insei (Grey Draconian Transmuter)    Turns: 3839, Time: 00:09:16

Health: 0/60       AC: 15    Str: 18    XL:     7   Next: 48%
Magic:  5/11       EV: 27    Int: 21    God:    Cheibriados [**....]
Gold:   156        SH:  0    Dex: 18    Spells: 6/12 levels left

rFire    . . .     SeeInvis .     - Unarmed
rCold    . . .     Gourm    .   (no shield)
rNeg     . . .     Faith    .   (armour unavailable)
rPois    .         Spirit   .   (helmet restricted)
rElec    .         Reflect  .   u - +0 cloak
rCorr    .         Harm     .   r - +2 pair of gloves
MR       .....                  (no boots)
Stlth    ++........             m - amulet of the acrobat
HPRegen  0.20/turn              (no ring)
MPRegen  0.12/turn              (no ring)

@: acrobat, hasted
A: walk through water, unfitting armour, unbreathing, cold-blooded, AC +11
a: Bend Time, Renounce Religion


You were on level 4 of the Dungeon.
You worshipped Cheibriados.
Cheibriados was pleased with you.
You were not hungry.

You visited 1 branch of the dungeon, and saw 4 of its levels.

You collected 156 gold pieces.

Inventory:

Missiles
 a - 60 arrows
Armour
 i - a +0 shield
   (You took it off a kobold on level 1 of the Dungeon)
 r - a +2 pair of gloves (worn)
   (You found it on level 3 of the Dungeon)
 u - a +0 cloak (worn)
   (You found it on level 3 of the Dungeon)
Jewellery
 m - an amulet of the acrobat (around neck)
   (You found it on level 2 of the Dungeon)
Scrolls
 d - 5 scrolls of identify {unknown}
 f - 3 scrolls of magic mapping {unknown}
 h - 2 scrolls of enchant armour {unknown}
 j - a scroll of random uselessness {unknown}
 k - a scroll of teleportation {unknown}
 l - 2 scrolls of enchant weapon {unknown}
 o - a scroll of remove curse {unknown}
 p - 3 scrolls of fog {unknown}
 q - a scroll of noise {unknown}
Potions
 n - a potion of brilliance
Comestibles
 e - 9 rations {!d}
 s - 2 chunks of flesh


   Skills:
 + Level 4.4 Fighting
 - Level 1.7 Dodging
 * Level 6.4 Unarmed Combat
 + Level 3.0 Spellcasting
 + Level 3.1 Transmutations
 + Level 2.6 Invocations


You had 6 spell levels left.
You knew the following spells:

 Your Spells              Type           Power        Failure   Level  Hunger
a - Beastly Appendage     Tmut           ###...       3%          1    None
s - Sticks to Snakes      Tmut           ###.....     5%          2    ##.....
x - Spider Form           Tmut/Pois      #.........   22%         3    ###....

Your spell library contained the following spells:

 Spells                   Type           Power        Failure   Level  Hunger
 Ice Form                 Ice/Tmut       #.......     56%         4    ####...
 Blade Hands              Tmut           ###.......   71%         5    ######.


Dungeon Overview and Level Annotations

Branches:
Dungeon (4/15)
 Temple: D:4-7

Altars:
Cheibriados
Kikubaaqudgha
Ru

Shops:
D:4 =(


Innate Abilities, Weirdness & Mutations

You can walk through water.
Your dull iron-grey scales are very hard. (AC +11)
You cannot fit into any form of body armour.
You can survive without breathing.
You are cold-blooded and may be slowed by cold attacks.


Message History

You kill the gnoll!
Cheibriados appreciates the change of pace.
The orc wizard casts a spell at you.
The magic dart hits you but does no damage.
The gnoll hits you from afar with a +0 halberd.
* * * LOW HITPOINT WARNING * * *
Your ball python closely misses the gnoll.
Your ball python grabs the gnoll.
Your ball python constricts the gnoll.
You feel yourself speed up.
Your ball python barely misses the gnoll.
Your ball python constricts the gnoll.
The gnoll hits your ball python with a +0 halberd!
Your ball python dies!
The orc wizard completely misses you. The orc wizard misses you.
You see here 2 throwing nets {!f}.
Unknown command.
You hit the orc wizard. Your kick misses the orc wizard.
The gnoll closely misses you.
The orc wizard hits you but does no damage.
An adder skeleton comes into view.
You closely miss the orc wizard.
You claw the orc wizard, but do no damage.
The gnoll hits you from afar with a +0 halberd!
* * * LOW HITPOINT WARNING * * *
The orc wizard casts a spell.
The orc wizard blinks!
It was a potion of brilliance.
You feel clever all of a sudden. The gnoll closely misses you.
The orc wizard casts a spell.
The orc wizard seems to speed up.
It was a potion of resistance.
You feel protected.
Your talons disappear.
The gnoll hits you but does no damage.
It was a potion of cancellation.
Your magical effects are unravelling.
You feel magically purged.
You feel a little less clever now.
Your resistance to elements expires.
It was a potion of curing.
You feel better. The gnoll closely misses you.
The orc wizard barely misses you.
It was a potion of haste.
You feel yourself speed up.
Cheibriados forgives your accidental hurry, just this once.
The gnoll closely misses you. The orc wizard misses you.
Unknown command.
You punch the orc wizard!
You kill the orc wizard!
Cheibriados thoroughly appreciates the change of pace.
The gnoll barely misses you. The gnoll hits you with a +0 halberd!
You die...

.(.....# #...#### #####
#...####### #.#.# #
#.........# #.#.# .#
.).######.####.#.###.#
#................#...##
#.#.#####.##.#.###.#..###
⌠.........##.#.##()......
.##.#####.##.#.g@Z# ⌠##.#
#.##.#.#.)# ###.#
#......##.# #.#
#..#.####.# #.# #..#.#
#.# ###.# #.# #.# ....#..
#.# ###.#.# #.# ###.#.#
#.#


You could see a gnoll and an adder skeleton.

Vanquished Creatures
  A scorpion (D:4)
  A vampire bat (D:4)
  A howler monkey (D:4)
  3 hounds (D:4)
  4 orc priests
  5 orc wizards (D:4)
  An iguana (D:4)
  3 worker ants (D:4)
  A gnoll (D:4)
  5 adders
  2 oozes
  A worm (D:4)
  5 dart slugs
  2 leopard geckos
  15 orcs
  3 bat skeletons (D:4)
  A bat zombie (D:4)
  5 giant cockroaches
  7 goblins
  6 hobgoblins
  3 jackals (D:1)
  5 quokkas
  6 bats
  6 frilled lizards
  10 kobolds
  12 rats
114 creatures vanquished.

Vanquished Creatures (collateral kills)
  An orc (D:4)
1 creature vanquished.

Grand Total: 115 creatures vanquished

Notes
Turn   | Place    | Note
-------+----------+-------------------------------------------
     0 | D:1      | LostNumber the Draconian Transmuter began the quest for the
                  | Orb.
     0 | D:1      | Reached XP level 1. HP: 16/16 MP: 3/3
    38 | D:1      | Reached XP level 2. HP: 22/23 MP: 5/5
    46 | D:1      | Learned a level 2 spell: Sticks to Snakes
   299 | D:1      | Reached XP level 3. HP: 28/29 MP: 6/6
   388 | D:1      | Reached skill level 4 in Unarmed Combat
   629 | D:2      | Found a snail-covered altar of Cheibriados.
   970 | D:2      | Reached XP level 4. HP: 35/37 MP: 5/7
   993 | D:2      | Became a worshipper of Cheibriados the Contemplative
  1084 | D:2      | You fall through a shaft for 2 floors!
  1392 | D:4      | Reached skill level 5 in Unarmed Combat
  1487 | D:3      | Reached XP level 5. HP: 44/45 MP: 6/8
  1681 | D:3      | Learned a level 3 spell: Spider Form
  2021 | D:3      | Reached * piety under Cheibriados
  2091 | D:3      | Reached skill level 1 in Invocations
  3064 | D:4      | Reached XP level 6. HP: 32/51 MP: 5/9
  3070 | D:4      | Reached ** piety under Cheibriados
  3079 | D:4      | Found a sacrificial altar of Ru.
  3489 | D:4      | Found Lagailuc's Antique Weapon Emporium.
  3502 | D:4      | Reached skill level 6 in Unarmed Combat
  3502 | D:4      | Your scales start taking on a dull iron-grey colour.
  3502 | D:4      | Reached XP level 7. HP: 45/59 MP: 9/11
  3502 | D:4      | Gained mutation: You can survive without breathing. [Grey
                  | Draconian growth]
  3550 | D:4      | Found an ancient bone altar of Kikubaaqudgha.
  3776 | D:4      | Found Tyup's Jewellery Shop.
  3832 | D:4      | HP: 3/60 [gnoll/+0 halberd (12)]
  3839 | D:4      | Slain by a gnoll

Skill      XL: |  1  2  3  4  5  6  7 |
---------------+----------------------+-----
Fighting       | 2 3 4 |  4.4
Unarmed Combat | 4 5 6 |  6.4
Invocations    | 1 2 |  2.6
Transmutations | 3 |  3.1
Spellcasting   | 3 |  3.0
Dodging        | |  1.7

Action                   |  1- 3 |  4- 6 |  7- 9 || total
-------------------------+-------+-------+-------++-------
Melee: Unarmed           |   120 |   236 |    41 ||   397
       Kick              |     4 |     8 |     2 ||    14
       Tailslap          |     8 |    30 |     6 ||    44
       Punch             |     1 |     2 |       ||     3
       Headbutt          |       |    14 |     1 ||    15
 Cast: Beastly Appendage |     8 |    15 |     2 ||    25
       Sticks to Snakes  |       |     5 |     2 ||     7
       Spider Form       |       |     1 |     1 ||     2
 Abil: End Transformatio |       |       |     1 ||     1
  Use: Potion            |       |       |     5 ||     5
 Stab: Sleeping          |       |     2 |     1 ||     3
  Eat: Chunk             |       |     7 |     1 ||     8
Armor: Skin              |    33 |    35 |    24 ||    92
Dodge: Dodged            |    71 |   149 |    70 ||   290
